 Dungeon Crawl Stone Soup version 0.23.2-40-g277498a001 (webtiles) character file.

Game seed: 9130494887145749876

105 Curus the Insei (level 4, 0/32 HPs)
             Began as a Merfolk Transmuter on Sept 22, 2019.
             Killed from afar by an orc wizard (5 damage)
             ... with a puff of flame
             ... on level 3 of the Dungeon.
             The game lasted 00:07:28 (1828 turns).

Curus the Insei (Merfolk Transmuter)                Turns: 1828, Time: 00:07:29

Health: 0/32       AC:  4    Str: 10    XL:     4   Next: 83%
Magic:  2/7        EV: 13    Int: 16    God:
Gold:   33         SH:  0    Dex: 14    Spells: 3/7 levels left

rFire    . . .     SeeInvis .     - Unarmed
rCold    . . .     Gourm    .   (no shield)
rNeg     . . .     Faith    .   b - +1 robe
rPois    .         Spirit   .   (no helmet)
rElec    .         Reflect  .   (no cloak)
rCorr    .         Harm     .   (no gloves)
MR       .....                  k - +0 pair of boots
Stlth    +.........             (no amulet)
HPRegen  0.10/turn              c - +3 ring of intelligence
MPRegen  0.10/turn              e - ring of wizardry

@: lethally poisoned (0 -> -13), very slightly contaminated
A: change form in water, swift swim, stealthy swim
a: no special abilities


You were on level 3 of the Dungeon.
You were hungry.

You visited 1 branch of the dungeon, and saw 3 of its levels.

You collected 123 gold pieces.
You spent 90 gold pieces at shops.

Inventory:

Missiles
 a - 48 arrows
Armour
 b - a +1 robe (worn)
 k - a +0 pair of boots (worn)
Jewellery
 c - a +3 ring of intelligence (left hand)
 e - a ring of wizardry (right hand)
 h - an uncursed ring of ice
Wands
 j - a wand of random effects (9)
Scrolls
 g - a scroll of blinking
 l - a scroll of identify
Potions
 i - a potion of magic
Comestibles
 d - 4 rations


   Skills:
 - Level 1.1 Fighting
 - Level 2.6 Dodging
 + Level 5.9 Unarmed Combat
 - Level 2.0 Spellcasting
 - Level 2.7 Transmutations
 - Level 0.1 Poison Magic


You had 3 spell levels left.
You knew the following spells:

 Your Spells              Type           Power        Failure   Level  Hunger
a - Beastly Appendage     Tmut           ##....       2%          1    #......
b - Spider Form           Tmut/Pois      #.........   14%         3    ###....

Your spell library contained the following spells:

 Spells                   Type           Power        Failure   Level  Hunger
 Sticks to Snakes         Tmut           ##......     4%          2    ###....
 Ice Form                 Ice/Tmut       #.......     41%         4    #####..
 Blade Hands              Tmut           ##........   56%         5    ######.


Dungeon Overview and Level Annotations

Branches:
Dungeon (3/15)

Altars:
Ashenzari
Fedhas
Hepliaklqana
Sif Muna
Zin


Message History

You kill the orc!
You feel sick.
You hear some strange, mumbled words.
A magic dart appears from out of thin air!
The magic dart hits you!
* * * LOW HITPOINT WARNING * * *
You feel better. Something hits you.
* * * LOW HITPOINT WARNING * * *
You are lethally poisoned!
You miss something.
* * * LOW HITPOINT WARNING * * *
You feel sick. Something hits you but does no damage.
You are more poisoned.
You closely miss something.
* * * LOW HITPOINT WARNING * * *
You feel sick.
You hear some strange, mumbled words.
A puff of flame appears from out of thin air!
The puff of flame hits you.
You die...

#.............)#....#
#.#.###.......#####.#
#.#...#.......#.. .#
#.+...'..._...'.. .
#.#...#.......#... .
#.#####.......####
#....#.........#
###..#⌠.##+##.⌠#
##.##.#@$.####.#
#......)).....#
###..#...#..###
##.#..## ## #......
########


There were no monsters in sight!

Vanquished Creatures
  2 adders
  A gnoll (D:1)
  3 oozes
  3 leopard geckos
  4 orcs (D:3)
  3 giant cockroaches
  6 hobgoblins
  A quokka (D:2)
  8 bats
  4 frilled lizards
  3 goblins
  13 kobolds
  8 rats
59 creatures vanquished.

Notes
Turn   | Place    | Note
-------+----------+-------------------------------------------
     0 | D:1      | Curus the Merfolk Transmuter began the quest for the Orb.
     0 | D:1      | Reached XP level 1. HP: 15/15 MP: 3/3
   246 | D:1      | Reached XP level 2. HP: 17/21 MP: 3/5
   250 | D:1      | Reached skill level 4 in Unarmed Combat
   294 | D:1      | Reached XP level 3. HP: 24/26 MP: 6/6
   299 | D:1      | Learned a level 3 spell: Spider Form
   720 | D:2      | Found a hazy altar of Hepliaklqana.
   835 | D:2      | Reached skill level 5 in Unarmed Combat
  1022 | D:2      | Reached XP level 4. HP: 30/32 MP: 5/7
  1080 | D:2      | Found Zin's Purification Station.
  1082 | D:2      | Found a glowing silver altar of Zin.
  1085 | D:2      | Bought a potion of curing for 90 gold pieces
  1201 | D:2      | Found a deep blue altar of Sif Muna.
  1203 | D:2      | Found a blossoming altar of Fedhas.
  1747 | D:3      | Found a shattered altar of Ashenzari.
  1828 | D:3      | Killed from afar by an orc wizard

Skill      XL: |  1  2  3 |
---------------+----------+-----
Unarmed Combat | 4 5 |  5.9
Fighting       | |  1.1
Dodging        | |  2.6
Spellcasting   | |  2.0
Transmutations | |  2.7
Poison Magic   | |  0.1

Action                   |  1- 3 |  4- 6 || total
-------------------------+-------+-------++-------
Melee: Unarmed           |   122 |    59 ||   181
       Headbutt          |     7 |     4 ||    11
       Punch             |       |     2 ||     2
 Cast: Beastly Appendage |     9 |     7 ||    16
       Spider Form       |       |     1 ||     1
  Use: Scroll            |     6 |     2 ||     8
       Potion            |     4 |     3 ||     7
 Stab: Sleeping          |     3 |     2 ||     5
  Eat: Chunk             |       |     3 ||     3
Armor: Robe              |    15 |     8 ||    23
       Skin              |       |     1 ||     1
Dodge: Dodged            |    87 |    41 ||   128
